 Dungeon Crawl Stone Soup version 0.28-a0-1117-g0bdd5ba030 (webtiles) character file.

Game seed: 2678556063010443757

123 random13 the Insei (level 5, -1/33 HPs)
             Began as an Octopode Transmuter on Dec 11, 2021.
             Splashed by a jelly's acid (4 damage)
             ... on level 3 of the Dungeon.
             The game lasted 00:06:23 (3099 turns).

random13 the Insei (Octopode Transmuter)            Turns: 3099, Time: 00:06:24

Health: -1/33      AC: -2    Str:  9    XL:     5   Next: 7%
Magic:  3/8        EV: 19    Int: 17    God:
Gold:   89         SH:  0    Dex: 18    Spells: 2/8 levels left

rFire   . . .      SeeInvis .     - Unarmed
rCold   . . .      Faith    .   (shield currently unavailable)
rNeg    . . .      Spirit   .   (helmet currently unavailable)
rPois   x          Reflect  .   (no amulet)
rElec   .          Harm     .   (no ring)
rCorr   .          Rampage  .   (no ring)
Will    .....                   (no ring)
Stlth   ++........              (no ring)
HPRegen 0.11/turn               (no ring)
MPRegen 0.11/turn               (no ring)
                                (no ring)
                                (no ring)

@: spider-form (expiring), corroded, very slightly contaminated
A: venomous fangs, almost no armour, (amphibious), 8 rings, tiny, (camouflage
1), (gelatinous body 1), (nimble swimmer 1), (tentacles)
a: End Transformation


You were on level 3 of the Dungeon.
You were a venomous arachnid creature.
You visited 1 branch of the dungeon, and saw 3 of its levels.

You collected 89 gold pieces.

Inventory:

Jewellery
 b - an amulet of faith
Scrolls
 d - 2 scrolls of identify {unknown}
 e - 4 scrolls of teleportation {unknown}
 h - 2 scrolls of amnesia {unknown}
Potions
 a - a potion of attraction {unknown}
 c - 2 potions of brilliance {unknown}
 f - a potion of flight {unknown}
 g - a potion of mutation {unknown}
 i - a potion of heal wounds {unknown}
 j - a potion of cancellation {unknown}
 k - a potion of berserk rage {unknown}


   Skills:
 - Level 1.0 Fighting
 - Level 2.0 Dodging
 - Level 5.0 Unarmed Combat
 - Level 2.0 Spellcasting
 + Level 3.2 Transmutations


You had 2 spell levels left.
You knew the following spells:

 Your Spells              Type           Power      Damage    Failure   Level
a - Beastly Appendage     Tmut           24%        N/A       16%         1
b - Wereblood             Tmut           12%        N/A       21%         2
c - Spider Form           Tmut/Pois      7%         N/A       52%         3

Your spell library contained the following spells:

 Spells                   Type           Power      Damage    Failure   Level
 Magic Dart               Conj           4%         1d3       38%         1
 Call Imp                 Summ           1%         N/A       50%         2
 Mephitic Cloud           Conj/Pois/Air  1%         N/A       71%         3
 Ice Form                 Ice/Tmut       7%         N/A       86%         4


Dungeon Overview and Level Annotations

Branches:
Dungeon (3/15)

Altars:

Shops:
D:1 [

Annotations:
D:3 1 runed translucent door


Innate Abilities, Weirdness & Mutations

You are a venomous arachnid creature.
You have poisonous fangs.
You are tiny and dextrous.
Your spellcasting is less reliable in this form.
Your armour is entirely melded.
You are incapable of wielding weapons or throwing items.
You cannot wear most types of armour.
((You are amphibious.))
You can wear up to eight rings at the same time.
((Your skin changes colour to match your surroundings (Stealth+).))
((Your rubbery body absorbs attacks. (AC +1, EV +1)))
((You are camouflaged near water. (Stealth+)))
((You have tentacles for arms and can constrict up to eight enemies at once.))


Message History

The endoplasm misses you.
You tentacle-slap the endoplasm.
You kill the endoplasm!
A nearby fungus withers and dies.
An endoplasm comes into view.
A jelly comes into view.
You tentacle-slap the endoplasm.
You kill the endoplasm!
Your transformation is almost over.
You tentacle-slap the endoplasm but do no damage.
The endoplasm freezes you.
You are frozen.
You tentacle-slap the endoplasm but do no damage.
You pierce the endoplasm, but do no damage.
The endoplasm freezes you.
You are frozen.
You bludgeon the endoplasm!
You kill the endoplasm!
An endoplasm comes into view.
Casting: Beastly Appendage (safe; 5% risk of failure)
Confirm with . or Enter, or press ? or * to list all spells.
The spell is quite dangerous to miscast (30% risk of failure)!
Continue anyway?
Your tentacle spike disappears.
You turn into a venomous arachnid creature.
The endoplasm freezes you.
You are frozen.
You hit the endoplasm.
The endoplasm is poisoned.
The endoplasm is heavily wounded.
You kill the endoplasm!
A jelly comes into view.
You bite the endoplasm!
You kill the endoplasm!
You completely miss the jelly.
Your transformation is almost over.
The jelly closely misses you.
You hit the jelly.
Your front legs burn!
The jelly is lightly wounded.
The jelly hits you. The acid corrodes you!
You are splashed with acid!
* * * LOW HITPOINT WARNING * * *
You hit the jelly but do no damage.
Your front legs burn!
You die...

.(..#.......#
#..........#
#.......##.#
#.......##.# .
#####......# .
#...###### ###### ..
#.########### #.÷.÷÷.
#)####......##J......
#..##.......#s#
#..'........#)#
#..'........#.#
##.'......#'#.#
#.##.....#.#.#
#####....#.#.#
#######.## ###


You could see a jelly.

Vanquished Creatures
  4 adders
  2 worms
  A dart slug (D:2)
  A bat (D:2)
  10 endoplasms
  2 giant cockroaches (D:2)
  5 goblins
  5 hobgoblins
  16 jackals
  A quokka (D:3)
  5 ball pythons
  3 frilled lizards
  9 kobolds
  5 rats
69 creatures vanquished.

Vanquished Creatures (others)
  4 fungi (D:3)
  8 toadstools (D:3)
12 creatures vanquished.

Grand Total: 81 creatures vanquished

Notes
Turn   | Place    | Note
-------+----------+-------------------------------------------
     0 | D:1      | random13 the Octopode Transmuter began the quest for the
                  | Orb.
     0 | D:1      | Reached XP level 1. HP: 13/13 MP: 3/3
   189 | D:1      | Found a faded altar of an unknown god.
   329 | D:1      | Reached XP level 2. HP: 15/18 MP: 3/5
   444 | D:1      | Learned a level 2 spell: Wereblood
   752 | D:1      | Found Veyps's Armour Shop.
  1091 | D:2      | Reached skill level 4 in Unarmed Combat
  1091 | D:2      | Reached XP level 3. HP: 17/23 MP: 4/6
  1453 | D:2      | Learned a level 3 spell: Spider Form
  1551 | D:2      | Reached XP level 4. HP: 27/28 MP: 7/7
  1839 | D:2      | Reached skill level 5 in Unarmed Combat
  2615 | D:3      | Found a runed translucent door.
  3084 | D:3      | Reached XP level 5. HP: 27/33 MP: 8/8
  3099 | D:3      | Splashed by a jelly's acid

Illustrated notes

Levels and vault maps discovered:
D:1:      dpeg_arrival_leaves_temple_mockup, layout_loops_cross,
          hellmonk_ecumenical_altar_arch_garden, serial_shops, shop,
          corner_web_ring, minmay_tree_intersection
D:2:      layout_loops_cross, minmay_tromino_v4_a
D:3:      cheibrodos_fertilizer, layout_basic, uniq_crazy_yiuf_cottage

Skill      XL: |  1  2  3  4 |
---------------+-------------+-----
Unarmed Combat | 4 5 |  5.0
Transmutations | 3 |  3.2
Fighting       | |  1.0
Dodging        | |  2.0
Spellcasting   | |  2.0

Action                   |  1- 3 |  4- 6 || total
-------------------------+-------+-------++-------
Melee: Unarmed           |    58 |    88 ||   146
       Constrict         |    16 |    18 ||    34
       Kick              |     7 |    11 ||    18
       Tentacles         |     7 |    11 ||    18
       Punch             |     1 |     1 ||     2
 Cast: Beastly Appendage |     8 |    13 ||    21
       Spider Form       |       |     1 ||     1
 Stab: Sleeping          |     6 |     4 ||    10
Armor: Skin              |     5 |     3 ||     8
Dodge: Dodged            |    30 |    46 ||    76

Table legend: (Time is in decaauts)
 A = Elapsed time spent in this place.
 B = Non-inter-level travel time spent in this place.
 C = Inter-level travel time spent in this place.
 D = Time resting spent in this place.
 E = Time spent auto-exploring this place.
 F = Levels seen in this place.
 G = Mean time per level.
                   A        B        C        D        E       F      G
               +--------+--------+--------+--------+--------+-----+--------+
         Total |   3087 |   2994 |     93 |    718 |   1761 |   3 | 1029.0 |
       Dungeon |   3087 |   2994 |     93 |    718 |   1761 |   3 | 1029.0 |
               +--------+--------+--------+--------+--------+-----+--------+

Top non-repeatable levels by time:
     D:2: 1343 daAuts
     D:1: 1076 daAuts
     D:3: 666 daAuts
